 Dungeon Crawl Stone Soup version 0.18-a0-1088-g34ef3a2 (webtiles) character file.

210 gorblad the Sneak (level 5, -3/35 HPs)
             Began as an Octopode Assassin on Jan 16, 2016.
             Slain by a gnoll
             ... wielding a +0 whip of venom
              (8 damage)
             ... on level 4 of the Dungeon.
             The game lasted 00:06:01 (2768 turns).

gorblad the Sneak (Octopode Assassin)               Turns: 2768, Time: 00:06:01

Health: -3/35      AC:  1    Str: 11    XL:     5   Next: 88%
Magic:  5/5        EV: 13    Int: 13    God:
Gold:   177        SH:  0    Dex: 14    Spells: 0 memorised, 4 levels left

rFire  . . .     SeeInvis .     a - +2 dagger
rCold  . . .     Gourm    .     (no shield)
rNeg   . . .     Faith    .     (helmet restricted)
rPois  .         Spirit   .     (no amulet)
rElec  .         Dismiss  .     e - ring of wizardry
rCorr  .         Reflect  .     (no ring)
SustAt .         Harm     .     (no ring)
MR     .....                    (no ring)
Stlth  +++++.....               (no ring)
                                (no ring)
                                (no ring)
                                (no ring)

@: lethally poisoned (-3 -> -11), not resistant to hostile enchantments, quite
stealthy
A: almost no armour, amphibious, 8 rings, constrict 8, camouflage 1, gelatinous
body 1
a: no special abilities


You were on level 4 of the Dungeon.
You were hungry.

You visited 1 branch of the dungeon, and saw 4 of its levels.

You collected 177 gold pieces.

Inventory:

Hand Weapons
 a - a +2 dagger (weapon)
 b - a +0 blowgun
Missiles
 c - 8 poisoned needles
 d - 2 curare-tipped needles
Jewellery
 e - a ring of wizardry (left tentacle)
 u - an uncursed ring of see invisible {unknown}
Scrolls
 s - a scroll of enchant armour
Potions
 g - a potion of ambrosia {unknown}
 h - a potion of berserk rage {unknown}
 i - 4 potions of haste {unknown}
 k - 4 potions of curing
 l - a potion of lignification {unknown}
 n - a potion of resistance {unknown}
 o - a potion of heal wounds {unknown}
Comestibles
 f - 3 bread rations
 j - 2 beef jerkies
 p - a meat ration
 q - a slice of pizza


   Skills:
 + Level 2.7 Fighting
 + Level 2.9 Short Blades
 - Level 2.0 Throwing
 + Level 2.5 Dodging
 + Level 7.8 Stealth


You had 4 spell levels left.
You didn't know any spells.

Dungeon Overview and Level Annotations

Branches:
Dungeon (4/15)
 Temple: D:4-7

Altars:
Okawaru
Pakellas

Annotations:
D:4 HunterMK1337's ghost, amateur DECj


Innate Abilities, Weirdness & Mutations

You cannot wear most types of armour.
You are amphibious.
You can wear up to eight rings at the same time.
You can use your tentacles to constrict eight enemies at once.
Your skin changes colour to match your surroundings (Stealth).
Your rubbery body absorbs attacks (AC +1).


Message History

HunterMK1337's ghost turns its malevolent gaze towards you.
You grab the gnoll.
You constrict the gnoll, but do no damage.
The orc closely misses you.
HunterMK1337's ghost says, "You will join me soon!"
The gnoll hits you with a whip of venom!
A scorpion comes into view.
You hit the gnoll.
The gnoll is lightly wounded.
You constrict the gnoll. The orc misses you.
The teleport trap disappears.
HunterMK1337's ghost disappears!
The orc hits you with a club.
* * * LOW HITPOINT WARNING * * *
The gnoll hits you with a whip of venom.
* * * LOW HITPOINT WARNING * * *
You are lethally poisoned!
You release your grip on the gnoll.
* * * LOW HITPOINT WARNING * * *
You feel sick. The orc closely misses you.
The gnoll hits you with a whip of venom!
You die...

...... ......
#...... ###$?.....
#<.§....o. .
#.......$.
...♣♣♣♣♣#....s....
...........g.#....
.......†@og..!..##
....####og##..%##
.. #O.#.....#
#.)##<...## #.##
..### .. #.# ...
^# ?..# ....


You could see an ogre, a scorpion, 3 gnolls and 2 orcs.

Vanquished Creatures
  An orc priest (D:4)
  A worker ant (D:4)
  Robin (D:2)
  A gnoll (D:4)
  5 adders
  An ooze (D:3)
  A worm (D:3)
  6 giant geckos
  3 orcs
  3 giant cockroaches
  8 goblins
  7 hobgoblins
  6 jackals (D:3)
  3 quokkas
  6 bats
  5 giant newts
  10 kobolds
  7 rats
75 creatures vanquished.

Notes
Turn   | Place    | Note
--------------------------------------------------------------
     0 | D:1      | gorblad the Octopode Assassin began the quest for the Orb.
     0 | D:1      | Reached XP level 1. HP: 14/14 MP: 1/1
    33 | D:1      | Reached XP level 2. HP: 10/19 MP: 2/2
   766 | D:1      | Reached XP level 3. HP: 23/25 MP: 3/3
   966 | D:2      | Found an iron altar of Okawaru.
  1028 | D:2      | Reached skill level 6 in Stealth
  1233 | D:2      | Noticed Robin
  1239 | D:2      | Reached XP level 4. HP: 9/30 MP: 4/4
  1240 | D:2      | Killed Robin
  1798 | D:3      | Reached skill level 7 in Stealth
  2114 | D:3      | Reached XP level 5. HP: 33/35 MP: 5/5
  2608 | D:3      | Found an oddly glowing altar of Pakellas.
  2758 | D:4      | Noticed an ogre
  2766 | D:4      | Noticed HunterMK1337's ghost (amateur DECj)
  2768 | D:4      | Slain by a gnoll

Vault maps used:
D:1:      erik_arrival_blinker_ship
D:2:      okawaru_ov_weapons_minmay, minmay_misc_feat_tower, uniq_robin
D:3:      marbit_many_paths, first_bread
D:4:      fedhas_altar_fruit_tree

Action                   |  1- 3 |  4- 6 || total
-------------------------+-------+-------++-------
Melee: Dagger            |    58 |    74 ||   132
  Use: Scroll            |     4 |     3 ||     7
 Stab: Sleeping          |    15 |    13 ||    28
  Eat: Chunk             |     1 |     4 ||     5
